Map: Jagannatha LE

Players

goblin - Winner!

  • Race: Protoss Protoss
  • League: Grandmaster
  • Spawn Location: 1:00

KingCobra

  • Race: Protoss Protoss
  • Spawn Location: 7:00

Event: DreamHack SC2 Masters 2020 Winter

VOD

Have the link to the VOD?

Description

Time

  • Played on: Oct. 14, 2020, 2:09 p.m.
  • Length: 5:57

All games in this series

Show
View Real Time Build Order
Export as new Build Order

goblin Protoss - Winner!

Build Orders: Oracle Opening 

Get SALT Encoding   

  12  0:00  Probe  
  13  0:12  Probe  
  14  0:18  Pylon  
  14  0:24  Probe (Chrono Boost)  
  15  0:36  Probe (Chrono Boost)  
  15  0:38  Gateway  
  16  0:45  Probe (Chrono Boost)  
  16  0:46  Assimilator  
  17  0:51  Probe  
  18  1:04  Probe  
  19  1:05  Assimilator  
  19  1:22  Probe (Chrono Boost)  
  20  1:26  Cybernetics Core  
  20  1:31  Pylon  
  20  1:34  Probe (Chrono Boost)  
  21  1:40  Probe (Chrono Boost)  
  22  1:48  Probe  
  23  2:02  Stalker  
  25  2:12  Pylon  
  25  2:14  Warp Gate  
  25  2:25  Probe  
  25  2:27  Stargate  
  26  2:32  Pylon  
  26  2:37  Stalker  
  26  2:40  Probe  
  29  2:55  Pylon  
  29  3:08  Oracle (Chrono Boost)  
  32  3:13  Shield Battery  
  30  3:26  Shield Battery  
  30  3:37  Oracle (Chrono Boost)  
  30  3:39  Probe  
  34  3:49  Nexus  
  34  3:55  Probe  
  35  3:56  Shield Battery  
  35  4:02  Stalker  
  37  4:05  Void Ray (Chrono Boost)  
  37  4:11  Gateway  
  41  4:17  Probe  
  42  4:29  Probe  
  43  4:32  Pylon  
  43  4:38  Void Ray (Chrono Boost)  
  47  4:54  Shield Battery  
  47  5:00  Probe  
  47  5:01  Probe  
  49  5:07  Void Ray (Chrono Boost)  
  49  5:13  Probe x2  
  55  5:21  Shield Battery  
  55  5:22  Shield Battery  
  55  5:25  Probe  
  56  5:40  Stalker x2  
Show
View Real Time Build Order
Export as new Build Order

KingCobra Protoss 

Build Orders:  

Get SALT Encoding   

  12  0:00  Probe  
  13  0:12  Probe  
  14  0:18  Pylon  
  14  0:24  Probe  
  15  0:38  Gateway, Probe (Chrono Boost)  
  16  0:48  Probe (Chrono Boost)  
  17  0:53  Probe (Chrono Boost)  
  18  0:59  Pylon  
  18  1:03  Assimilator  
  18  1:09  Assimilator  
  18  1:10  Probe (Chrono Boost)  
  20  1:19  Probe (Chrono Boost)  
  20  1:25  Pylon  
  20  1:27  Gateway  
  20  1:33  Cybernetics Core  
  21  1:40  Probe  
  21  1:53  Probe  
  22  2:05  Probe  
  22  2:07  Warp Gate (Chrono Boost)  
  23  2:09  Pylon  
  23  2:10  Adept  
  23  2:13  Adept  
  27  2:19  Pylon  
  27  2:24  Probe  
  28  2:44  Gateway  
  28  2:49  Stalker  
  28  2:51  Stalker  
  32  3:02  Pylon  
  32  3:26  Gateway  
  32  3:31  Pylon  
  30  3:46  Stalker x2  
  34  3:48  Pylon  
  32  3:57  Gateway  
  32  4:11  Sentry  
  32  4:12  Sentry  
  36  4:17  Shield Battery  
  36  4:25  Sentry  
  38  4:32  Pylon  
  38  4:35  Stalker x2  
  42  4:41  Stalker  
  44  4:54  Stalker  
  44  4:58  Stalker x2  
  48  5:21  Stalker x4  
  40  5:51  Stalker  
  40  5:52  Stalker x2  
Tags
 
Add a new tag
Caveats
  • Supply blocks, unpowered buildings, or Contaminate may cause inaccurate times.
  • Supply counts are checked every 10 seconds.